 Dungeon Sprint DCSS version 0.30.0-11-gf55b779eaf (webtiles) character file.

Game seed: 14774838511669199300

13062 garrulousMonolith the Ninja (level 11, 62/62 HPs)
             Began as a Spriggan Enchanter on May 17, 2023.
             Was an Initiate of Gozag.
             Quit the game in the Dungeon (Sprint I: "Red Sonja").
             The game lasted 00:15:00 (2152 turns).

garrulousMonolith the Ninja (Spriggan Enchanter)    Turns: 2152, Time: 00:15:00

Health: 62/62      AC:  5    Str:  4    XL:     11   Next: 70%
Magic:  29/29      EV: 17    Int: 21    God:    Gozag
Gold:   962        SH:  0    Dex: 16    Spells: 18/36 levels left

rFire   . . .        w - +2 dagger (venom)
rCold   . . .        (no shield)
rNeg    . . .        t - +3 robe of Clouds {*Thunder rCloud rElec}
rPois   +            (helmet restricted)
rElec   +            (no cloak)
rCorr   .            (gloves unavailable)
SInv    +            (boots unavailable)
Will    +....        v - amulet of regeneration Stlth ******++++
                     r - ring of Shadows {Umbra +Inv Stlth+}
HPRegen 1.10/turn    s - ring of poison resistance
MPRegen 0.21/turn

%: no teleportation
@: mighty, brilliant, hasted, wreathed by umbra, invisible, very quick
A: very small, no large weapons, unfitting armour, see invisible, speed 3
a: Renounce Religion, Evoke Invisibility, Potion Petition, Call Merchant, Bribe
Branch


You were in the Dungeon.
You worshipped Gozag.
Gozag was pleased with you.
You visited 1 branch You collected 6135 gold pieces.
You spent 3629 gold pieces at shops.
You paid 1544 gold pieces to Gozag.

Inventory:

Hand Weapons
 w - a +2 dagger of venom (weapon)
Missiles
 m - 5 curare-tipped darts (quivered)
Armour
 b - a +0 robe
 j - a +2 robe of willpower
 t - the +3 robe of Clouds (worn) {*Thunder rCloud rElec}
   (You bought it in a shop in the Dungeon)

   *Thunder:  It occasionally creates storm clouds above nearby enemies.
   rCloud:    It grants its wearer immunity to clouds.
   rElec:     It insulates you from electricity.
Jewellery
 a - the Hermit's Pendant {Faith Invo=14 Evo=0 MP+5}
   (You bought it in a shop in the Dungeon)

   [amulet of faith]

   Invo=14: It sets your Invocations skill to 14.
   Evo=0: It sets your Evocations skill to 0.
   It allows you to gain divine favour quickly.
   MP:        It affects your magic capacity (+5).
 l - a ring of protection from fire
 r - the ring of Shadows (left hand) {Umbra +Inv Stlth+}
   (You bought it in a shop in the Dungeon)

   [ring of stealth]

   Umbra:     It surrounds you with an aura of shadow, increasing your stealth
   and reducing the accuracy of all others within it.
   +Inv:      It lets you turn invisible.
   Stlth:     It makes you more stealthy.
 s - a ring of poison resistance (right hand)
 v - an amulet of regeneration (around neck)
Wands
 h - a wand of mindburst (1)
Scrolls
 p - a scroll of fog
 q - a scroll of poison
Potions
 d - 4 potions of curing
 f - a potion of haste
 g - 2 potions of magic
 k - a potion of mutation
 o - a potion of attraction {unknown}
Miscellaneous
 i - a phantom mirror


   Skills:
 + Level 9.0 Fighting
 - Level 11.6 Short Blades
 - Level 2.6 Dodging
 O Level 27 Stealth
 + Level 13.0 Spellcasting
 * Level 17.9 Hexes


You had 18 spell levels left.
You knew the following spells:

 Your Spells              Type           Power      Damage    Failure   Level
a - Ensorcelled Hibernat  Hex/Ice        100%       N/A       1%          2
b - Confusing Touch       Hex            93%        N/A       0%          3
c - Tukima's Dance        Hex            93%        N/A       0%          3
d - Dazzling Flash        Conj/Hex       100%       N/A       1%          3
e - Enfeeble              Hex            46%        N/A       2%          7

Your spell library contained the following spells:

 Spells                   Type           Power      Damage    Failure   Level
 Inner Flame              Hex/Fire       67%        N/A       1%          3
 Yara's Violent Unravell  Hex/Tmut       33%        3d14      3%          5


Dungeon Overview and Level Annotations

Branches:
Dungeon (1/1)

Altars:
Cheibriados
Dithmenos
Elyvilon
Fedhas
Gozag
Hepliaklqana
Kikubaaqudgha
Makhleb
Nemelex Xobeh
Okawaru
Qazlal
Ru
Sif Muna
Trog
Uskayaw
Vehumet
Wu Jian
Xom
Yredelemnul
Zin
The Shining One
Jiyva
Lugonu

Shops:
D ?=*!=[*=*([((*=[:?

Annotations:
D exclusion: 6 doors


Innate Abilities, Weirdness & Mutations

You are very small and have problems with some larger weapons.
You are too small for most types of armour.
You have supernaturally acute eyesight. (SInv)
You cover ground extremely quickly. (Speed+++)


Message History

Okay, then.
Okay, then.
Okay, then.
Okay, then.
Okay, then.
Okay, then.
Okay, then.
Okay, then.
Okay, then.
Okay, then. [a] - 392 gold - haste and brilliance [b] - 290 gold - haste [c] - 504 gold - heal wounds, magic and berserk rage Purchase which effect?
You feel yourself speed up. [a] - 483 gold - haste, heal wounds, curing and berserk rage [b] - 240 gold - invisibility and might [c] - 299 gold - heal wounds, curing and berserk rage Purchase which effect?
You fade further into invisibility.
You feel very mighty all of a sudden. [a] - 200 gold - might and brilliance [b] - 560 gold - haste and resistance [c] - 598 gold - heal wounds, curing, berserk rage and haste Purchase which effect?
You feel mightier all of a sudden.
You feel clever all of a sudden. [a] 488 gold - Zos Atoq's Assorted Antiques [b] 539 gold - Gyfoptos's Magic Scroll Emporium [c] 634 gold - Dusodwog's Jewellery Shoppe Fund which merchant?
Gyfoptos invites you to visit his Magic Scroll Emporium. [a] - 240 gold - heal wounds and berserk rage [b] - 160 gold - heal wounds and curing [c] - 275 gold - curing and magic Purchase which effect?
You no longer have enough gold to fund merchants seeking to open stores in the dungeon.
You feel better. Magic courses through your body.
Okay, then.
There is an entrance to Gyfoptos's Magic Scroll Emporium here.
Unknown command.
Are you sure you want to abandon this character and quit the game? (Confirm with "yes".)

..§§# $###+#
#..#§§§§§#$$$
$$ +#### $
$$$#..##§.§.#
$ $$ $
$#..≈###+##$$$
$$ $$$
$#.)≈.)#$ $$ #
$#.)≈[## $ #
$#..≈## #
###..≈# # $$
#.≈..## # $$
$$ $ #@≈..# #


$$$$$$$$$ ###..# # $$$$$$$$$ +..# #$$ $$$$$$ ##+# $$$$$$$$$$ # $$$ $$$$$$$$ # $
$ # $$ There were no monsters in sight!

Vanquished Creatures
  A deep elf annihilator (D)
  A mummy priest (D)
  A hydra (D)
  2 centaur warriors (D)
  Sonja (D)
  A deep troll (D)
  A lindwurm (D)
  2 oklob plants (D)
  2 merfolk sirens (D)
  4 demonic crawlers (D)
  2 kobold demonologists (D)
  2 unseen horrors (D)
  A hellwing (D)
  5 hornets (D)
  Sigmund (D)
  A slime creature (D)
  A yak (D)
  13 hogs (D)
  2 redbacks (D)
  3 floating eyes (D)
  An ogre (D)
  7 necrophages (D)
  8 jellies (D)
  Ijyb (D)
  A ballistomycete spore (D)
65 creatures vanquished.

Vanquished Creatures (others)
  A ballistomycete spore (D)
1 creature vanquished.

Grand Total: 66 creatures vanquished

Notes
Turn   | Place    | Note
-------+----------+-------------------------------------------
     0 | D        | garrulousMonolith the Spriggan Enchanter began the quest
                  | for the Orb.
     0 | D        | Reached XP level 1. HP: 9/9 MP: 5/5
     2 | D        | Noticed Ijyb
    10 | D        | Killed Ijyb
    11 | D        | Reached skill level 10 in Stealth
    11 | D        | Reached XP level 2. HP: 13/13 MP: 6/6
    53 | D        | Noticed an ogre
    58 | D        | Killed an ogre
    59 | D        | Reached skill level 14 in Stealth
    59 | D        | Reached XP level 3. HP: 16/16 MP: 8/8
    59 | D        | Reached XP level 4. HP: 21/21 MP: 9/9
    62 | D        | Learned a level 2 spell: Ensorcelled Hibernation
    66 | D        | Learned a level 3 spell: Confusing Touch
    77 | D        | Noticed Sigmund
    87 | D        | Killed Sigmund
    88 | D        | Reached skill level 18 in Stealth
    88 | D        | Reached XP level 5. HP: 7/24 MP: 0/10
   280 | D        | Found a shimmering blue altar of Sif Muna.
   281 | D        | Found an ornate altar of the Wu Jian Council.
   282 | D        | Found a radiant altar of Vehumet.
   290 | D        | Reached skill level 19 in Stealth
   290 | D        | Reached XP level 6. HP: 18/28 MP: 4/11
   351 | D        | Found Qibb's Jewellery Emporium.
   351 | D        | Found an ancient bone altar of Kikubaaqudgha.
   351 | D        | Found a hazy altar of Hepliaklqana.
   351 | D        | Found a hide-covered altar of Uskayaw.
   351 | D        | Found a basalt altar of Yredelemnul.
   351 | D        | Found an opulent altar of Gozag.
   351 | D        | Found a snail-covered altar of Cheibriados.
   351 | D        | Found a sacrificial altar of Ru.
   351 | D        | Found a shadowy altar of Dithmenos.
   351 | D        | Noticed a yak
   354 | D        | Killed a yak
   355 | D        | Reached skill level 21 in Stealth
   355 | D        | Found a stormy altar of Qazlal.
   355 | D        | Found a blossoming altar of Fedhas.
   355 | D        | Found a bloodstained altar of Trog.
   355 | D        | Found an iron altar of Okawaru.
   355 | D        | Found a glowing golden altar of the Shining One.
   355 | D        | Found a glowing silver altar of Zin.
   355 | D        | Found a white marble altar of Elyvilon.
   356 | D        | Found a sparkling altar of Nemelex Xobeh.
   418 | D        | Became a worshipper of Gozag Ym Sagoz the Greedy
   428 | D        | Noticed Sonja
   432 | D        | Killed Sonja
   433 | D        | Reached skill level 25 in Stealth
   433 | D        | Reached XP level 7. HP: 32/32 MP: 12/12
   518 | D        | Found a burning altar of Makhleb.
   518 | D        | Found a viscous altar of Jiyva.
   518 | D        | Found a shimmering altar of Xom.
   518 | D        | Found a corrupted altar of Lugonu.
   518 | D        | Noticed a slime creature
   525 | D        | Killed a slime creature
   526 | D        | Reached XP level 8. HP: 26/36 MP: 6/13
   589 | D        | Noticed a deep troll
   594 | D        | Killed a deep troll
   595 | D        | Reached skill level 27 in Stealth
   595 | D        | Reached skill level 5 in Short Blades
   630 | D        | Found Roinyik's Armour Emporium.
   650 | D        | Found Yduecz Hose's Magic Scroll Boutique.
   658 | D        | Bought a scroll of identify for 28 gold pieces
   693 | D        | Learned a level 3 spell: Tukima's Dance
   697 | D        | Learned a level 3 spell: Dazzling Flash
   698 | D        | Noticed a centaur warrior
   700 | D        | Noticed a centaur warrior
   702 | D        | Killed a centaur warrior
   703 | D        | Reached XP level 9. HP: 43/43 MP: 13/17
   704 | D        | Killed a centaur warrior
   730 | D        | Noticed an oklob plant
   732 | D        | Killed an oklob plant
   742 | D        | Reached skill level 10 in Hexes
   873 | D        | Noticed an unseen horror
   873 | D        | Noticed an unseen horror
   878 | D        | Killed an unseen horror
   880 | D        | Killed an unseen horror
   881 | D        | Reached skill level 5 in Fighting
   881 | D        | Reached XP level 10. HP: 38/51 MP: 12/22
  1258 | D        | Bought the ring of Shadows {Umbra +Inv Stlth+} for 440 gold
                  | pieces
  1258 | D        | Found the ring of Shadows {Umbra +Inv Stlth+}
  1259 | D        | Bought a ring of poison resistance for 220 gold pieces
  1299 | D        | Found Noidog's Distillery.
  1299 | D        | Found Oppemum's Assorted Antiques.
  1299 | D        | Found Kuvijiux's Jewellery Boutique.
  1301 | D        | Found Jomaf's Antique Armour Emporium.
  1301 | D        | Found Okuybigh's Assorted Antiques.
  1301 | D        | Found Zeitenti's Jewellery Shoppe.
  1301 | D        | Found Hyfonnid's General Store.
  1301 | D        | Found Mosuameff's Antique Weapon Emporium.
  1301 | D        | Found Xoeletou's Armour Shop.
  1301 | D        | Found Adeutz's Antique Weapon Shoppe.
  1302 | D        | Bought a potion of heal wounds for 60 gold pieces
  1303 | D        | Bought the +3 robe of Clouds {*Thunder rCloud rElec} for
                  | 891 gold pieces
  1303 | D        | Found the +3 robe of Clouds {*Thunder rCloud rElec}
  1315 | D        | Found Siwoirr's Antique Weapon Boutique.
  1316 | D        | Found Lewusygg's Jewellery Emporium.
  1316 | D        | Found Lejujey's Assorted Antiques.
  1317 | D        | Found Atout's Book Emporium.
  1323 | D        | Bought a glowing dagger for 85 gold pieces
  1338 | D        | Bought the Hermit's Pendant {Faith Invo=14 Evo=0 MP+5} for
                  | 747 gold pieces
  1338 | D        | Found the Hermit's Pendant {Faith Invo=14 Evo=0 MP+5}
  1338 | D        | Bought an amulet of regeneration for 390 gold pieces
  1424 | D        | Noticed a demonic crawler
  1424 | D        | Noticed a demonic crawler
  1424 | D        | Noticed a demonic crawler
  1424 | D        | Noticed a demonic crawler
  1426 | D        | Killed a demonic crawler
  1427 | D        | Reached skill level 10 in Short Blades
  1427 | D        | Killed a demonic crawler
  1428 | D        | Killed a demonic crawler
  1430 | D        | Killed a demonic crawler
  1431 | D        | Reached skill level 10 in Spellcasting
  1453 | D        | Noticed a lindwurm
  1456 | D        | Killed a lindwurm
  1491 | D        | Reached XP level 11. HP: 41/58 MP: 21/26
  1501 | D        | Reached skill level 15 in Hexes
  1658 | D        | Noticed a 12-headed hydra
  1660 | D        | Killed a 12-headed hydra
  1966 | D        | Bought a book of Misfortune for 468 gold pieces
  1974 | D        | Learned a level 7 spell: Enfeeble
  1986 | D        | Bought a ring of protection from fire for 300 gold pieces
  2053 | D        | Noticed a deep elf annihilator
  2059 | D        | Noticed a mummy priest
  2061 | D        | Noticed an oklob plant
  2062 | D        | Killed a deep elf annihilator
  2116 | D        | Killed a mummy priest
  2118 | D        | Killed an oklob plant
  2152 | D        | Quit the game

Illustrated notes

Levels and vault maps discovered:
D:        dungeon_sprint_1 [red_sonja_temple_1, red_sonja_temple_small_1]

Skill      XL: |  1  2  3  4  5  6  7  8  9 10 11 |
---------------+----------------------------------+-----
Stealth        | 10 14 18 19 25 27 | 27.0
Short Blades   | 6 8 10 11 | 11.6
Fighting       | 2 5 7 9 |  9.0
Spellcasting   | 4 7 10 13 | 13.0
Hexes          | 6 11 14 17 | 17.9
Dodging        | |  2.6

Action                     |  1- 3 |  4- 6 |  7- 9 | 10-12 || total
---------------------------+-------+-------+-------+-------++-------
  Melee: Dagger            |     7 |     4 |       |    63 ||    74
         Short sword       |       |       |    12 |    39 ||    51
   Cast: Ensorcelled Hiber |       |     7 |     9 |    18 ||    34
         Confusing Touch   |       |       |       |     6 ||     6
         Dazzling Flash    |       |       |       |     2 ||     2
 Invoke: Potion Petition   |       |       |       |     4 ||     4
         Call Merchant     |       |       |       |     1 ||     1
  Evoke: Wand              |     3 |     6 |       |       ||     9
    Use: Potion            |     1 |       |     1 |     5 ||     7
         Scroll            |       |       |     1 |     4 ||     5
   Stab: Sleeping          |     1 |     3 |    11 |    30 ||    45
         Confused          |       |       |       |     6 ||     6
         Distracted        |       |       |       |     4 ||     4
         Invisible         |       |       |       |     8 ||     8
 Armour: Robe              |       |     1 |       |    13 ||    14
  Dodge: Dodged            |     6 |     3 |     4 |    62 ||    75
